 Dungeon Crawl Stone Soup version 0.17.0-56-gd8de76c (webtiles) character file.

90 gorblad the Covered (level 4, -2/35 HPs)
             Began as a Demonspawn Fighter on Dec 5, 2015.
             Was an Initiate of Dithmenos.
             Killed from afar by Sigmund (8 damage)
             ... with a magic dart
             ... on level 2 of the Dungeon.
             The game lasted 00:03:44 (1084 turns).

gorblad the Covered (Demonspawn Fighter)            Turns: 1084, Time: 00:03:44

Health: -2/35      AC:  9    Str: 17    XL:     4   Next: 32%
Magic:  4/4        EV:  7    Int: 10    God:    Dithmenos [......]
Gold:   39         SH: 10    Dex: 12    Spells: 0 memorised, 3 levels left

rFire  . . .     SeeInvis .     a - +0 long sword
rCold  . . .     Clarity  .     b - +0 scale mail
rNeg   . . .     SustAt   .     c - +1 shield
rPois  .         Gourm    .     (helmet restricted)
rElec  .         Spirit   .     (no cloak)
rCorr  .         Warding  .     (no gloves)
rMut   .         Stasis   .     g - +1 pair of boots
MR     .....                    (no amulet)
Stlth  ..........               (no ring)
                                (no ring)

@: lethally poisoned (-2 -> -16), not resistant to hostile enchantments,
extremely unstealthy
A: horns 1, rot immunity
a: Renounce Religion


You were on level 2 of the Dungeon.
You worshipped Dithmenos.
Dithmenos was noncommittal.
You were not hungry.

You visited 1 branch of the dungeon, and saw 2 of its levels.

You collected 39 gold pieces.

Inventory:

Hand Weapons
 a - a +0 long sword (weapon)
Armour
 b - a +0 scale mail (worn)
 c - a +1 shield (worn)
 g - a +1 pair of boots (worn)
 o - a +0 ring mail
Scrolls
 h - a scroll of remove curse
Potions
 d - a potion of might
 i - a potion of haste
 l - a potion of degeneration
 m - a potion of lignification
 n - a potion of agility {unknown}
Comestibles
 e - 3 bread rations
 f - 2 chunks of flesh


   Skills:
 + Level 3.3 Fighting
 + Level 2.1 Long Blades
 + Level 3.5 Armour
 + Level 0.6 Dodging
 + Level 3.3 Shields


You had 3 spell levels left.
You didn't know any spells.

Dungeon Overview and Level Annotations

Branches:
Dungeon (2/15)

Altars:
Dithmenos
Qazlal

Annotations:
D:2 Sigmund


Innate Abilities, Weirdness & Mutations

You have a pair of small horns on your head.
You are immune to rotting.


Message History

You feel less confused.
You feel sick.
Sigmund hits you with a scythe of venom!
You are lethally poisoned!
* * * LOW HITPOINT WARNING * * *
You feel sick.
Sigmund points at you and mumbles some strange words.
You resist with some effort.
* * * LOW HITPOINT WARNING * * *
You feel sick. You block Sigmund's attack.
* * * LOW HITPOINT WARNING * * *
You feel sick.
You are too injured to fight recklessly!
You are too injured to fight recklessly!
You closely miss Sigmund.
* * * LOW HITPOINT WARNING * * *
You feel sick.
Sigmund points at you and mumbles some strange words.
The magic dart hits you!
You die...

#....(##>......รท.........
#.....####..........##.##
#.....# #..........##.##
#.....# #.............##
#.....# ######(..#.#####
#.....# #...#.# #
#.....#########...#.# #
#........#...#.###
#..@.............#
#..@<............#
#######................###
#.....#...................
#.....#...................
#.....######..............
#.....######..............
#.........................
#..............#####......


You could see Sigmund.

Vanquished Creatures
  Natasha (thrice) (D:2)
  An adder (D:2)
  2 oozes
  6 hobgoblins
  7 kobolds
  6 bats
  3 giant cockroaches
  A giant gecko (D:2)
  2 giant newts
  5 goblins
  3 rats
39 creatures vanquished.

Notes
Turn   | Place    | Note
--------------------------------------------------------------
     0 | D:1      | gorblad the Demonspawn Fighter began the quest for the Orb.
     0 | D:1      | Reached XP level 1. HP: 18/18 MP: 1/1
   128 | D:1      | Gained mutation: You have a pair of small horns on your head. [demonic ancestry]
   128 | D:1      | Reached XP level 2. HP: 13/24 MP: 2/2
   696 | D:2      | Reached XP level 3. HP: 25/29 MP: 3/3
   830 | D:2      | Found a shadowy altar of Dithmenos.
   871 | D:2      | Became a worshipper of Dithmenos the Shadowed
   883 | D:2      | Noticed Natasha
   888 | D:2      | Killed Natasha
   890 | D:2      | Gained mutation: You are immune to rotting. [demonic ancestry]
   890 | D:2      | Reached XP level 4. HP: 30/35 MP: 4/4
   965 | D:2      | Noticed a water elemental
   966 | D:2      | Found a stormy altar of Qazlal.
   967 | D:2      | Noticed Natasha
   973 | D:2      | Killed Natasha
   979 | D:2      | Noticed an air elemental
   984 | D:2      | Noticed a fire elemental
   984 | D:2      | Noticed an earth elemental
  1049 | D:2      | Noticed Natasha
  1055 | D:2      | Killed Natasha
  1071 | D:2      | Noticed Sigmund
  1084 | D:2      | Killed from afar by Sigmund

Action                   |  1- 3 |  4- 6 || total
-------------------------+-------+-------++-------
Melee: Long sword        |   100 |    27 ||   127
  Use: Scroll            |     5 |     4 ||     9
  Eat: Chunk             |       |     1 ||     1
